AoeStats
← Kez

Nomad

507342599Analyzed
3v3 RM · 14d ago on Sep 17, 2026· 61m 12s· 6 players
Game mode
Random Map
Map size
210×210
Population
200
Speed
Normal
Resources
Standard
Victory
Conquest
Starting age
Dark Age
Ending age
Imperial Age
RankedLock teamsTeams togetherTeam positionsShared explorationLock speedFull tech treeHidden civsTurbo modeCheats
Victory
Defeat
🇳🇱 Cumans · Netherlands
1310
+16
🇸🇪 Malians · Sweden
1279
+18
🇺🇸 Khitans · United States
1270
+18
🇹🇷 Persians · Türkiye
1335
-18
🇹🇷 Italians · Türkiye
1335
-18
🇹🇷 Malay · Türkiye
1279
-16
Kez
4:30 Loom
13:17 Feudal Age
14:58 Fishing Lines
18:32 Wheelbarrow
18:33 Double-Bit Axe
19:57 Gold Mining
19:53 Horse Collar
20:21 Stone Mining
24:13 Castle Age
22:40 Town Watch
23:15 Scale Barding Armor
24:10 Forging
25:15 Bloodlines
25:27 Heavy Plow
27:56 Steppe Husbandry
34:40 Imperial Age
33:51 Bow Saw
36:15 Imperial Age
35:33 Gold Shaft Mining
36:26 Cavalier
38:37 Chain Barding Armor
39:42 Conscription
41:05 Plate Barding Armor
41:27 Hand Cart
42:15 Gillnets
47:05 Two-Man Saw
48:43 Iron Casting
49:28 Medium Warships
49:17 Elite Steppe Lancer
51:38 Heavy Warships
56:14 Blast Furnace
55:05 Fletching
56:32 Paladin
59:27 Crop Rotation
59:49 Hoardings
60:02 Ballistics
psilocybin
5:10 Loom
14:06 Feudal Age
15:22 Fishing Lines
18:11 Forging
20:05 Double-Bit Axe
21:20 Domestication
24:20 Castle Age
22:58 Scale Mail Armor
23:41 Gold Mining
23:46 Stone Mining
25:15 Squires
25:01 Arson
25:23 Pastoralism
26:01 Stone Shaft Mining
26:05 Bow Saw
26:34 Town Watch
26:46 Fletching
29:14 Iron Casting
28:48 Bodkin Arrow
30:35 Elite Skirmisher
33:42 Wheelbarrow
36:21 Imperial Age
34:15 Padded Archer Armor
36:04 Hand Cart
36:54 Leather Archer Armor
37:04 Lamellar Armor
38:09 Conscription
38:44 Bracer
39:15 Ring Archer Armor
39:41 Light Cavalry
40:21 Husbandry
41:09 Iron Casting
42:21 Chemistry
41:28 Siege Engineers
43:00 Transhumance
42:27 Hussar
44:15 Chain Mail Armor
43:46 Treadmill Crane
44:27 Ballistics
44:13 Town Patrol
45:17 Elite Fire Lancer
49:59 Masonry
49:44 Murder Holes
51:31 Plate Mail Armor
53:10 Heavy Rocket Cart
55:46 Scale Barding Armor
59:14 Chain Barding Armor
El Lino
8:36 Loom
12:08 Feudal Age
13:59 Fletching
16:16 Wheelbarrow
17:19 Horse Collar
21:51 Castle Age
21:51 Padded Archer Armor
21:40 Double-Bit Axe
22:13 Crossbowman
22:49 Bodkin Arrow
23:22 Bow Saw
23:11 Gold Mining
33:44 Sanctity
33:54 Heavy Plow
35:22 Leather Archer Armor
37:58 Hand Cart
37:30 Town Watch
38:47 Gold Shaft Mining
42:13 Imperial Age
40:23 Scale Mail Armor
41:04 Forging
42:17 Chain Mail Armor
42:51 Elite Gbeto
44:26 Plate Mail Armor
43:55 Stone Mining
47:05 Iron Casting
46:32 Capped Ram
48:24 Guilds
48:54 Crop Rotation
51:56 Hoardings
51:53 Ring Archer Armor
53:11 Coinage
54:35 Pikeman
55:16 Squires
56:11 Stone Shaft Mining
57:05 Conscription
56:45 Tigui
57:52 Scale Barding Armor
58:08 Man-at-Arms
58:34 Arson
58:53 Long Swordsman
60:28 Two-Handed Swordsman
agahgenc
4:13 Loom
13:07 Feudal Age
17:23 Castle Age
16:50 Scale Barding Armor
16:56 Forging
16:41 Fishing Lines
18:06 Husbandry
18:17 Bloodlines
18:38 Chain Barding Armor
25:32 Iron Casting
24:48 Fletching
26:52 Elite Skirmisher
37:23 Imperial Age
34:50 Double-Bit Axe
37:32 Heavy Camel Rider
39:58 Blast Furnace
39:47 Wheelbarrow
40:40 Plate Barding Armor
40:30 Bow Saw
41:36 Hand Cart
42:30 Bodkin Arrow
42:38 Padded Archer Armor
50:18 Cavalier
52:49 Savar
res
4:51 Loom
12:59 Feudal Age
15:10 Double-Bit Axe
23:25 Castle Age
24:10 Bow Saw
29:04 Wheelbarrow
33:41 Scale Barding Armor
33:40 Gold Mining
34:23 Hand Cart
49:46 Gold Shaft Mining
52:29 Elite Skirmisher
54:58 Forging
54:56 Padded Archer Armor
54:48 Fletching
58:12 Bodkin Arrow
59:19 Ballistics
59:29 Leather Archer Armor
61:50 Imperial Age
60:29 Murder Holes
Subutay
4:24 Loom
13:05 Feudal Age
19:44 Castle Age
21:13 Fletching
24:02 Bodkin Arrow
24:45 Padded Archer Armor
29:21 Horse Collar
33:03 Imperial Age
31:44 Leather Archer Armor
33:18 Heavy Plow
34:57 Chemistry
35:08 Ballistics
35:20 Bracer
37:05 Double-Bit Axe
38:20 Elite Genoese Crossbowman
40:26 Masonry
44:40 Architecture
56:51 Ring Archer Armor
Connection lost

Rejoining the realm…

Still unreachable

The connection could not be restored.

Session expired

The server has moved on; the page needs a fresh start.